[Event "Late-Titled-Tuesday-Blitz-May-07-2024"]
[Site "Chess.com"]
[Date "2024.05.07"]
[Round "3"]
[White "Dr_troll"]
[Black "ToddBryant"]
[Result "1-0"]
[WhiteElo "2547"]
[BlackElo "2379"]
[TimeControl "180+1"]
[EndTime "14:27:51 PDT"]
[Termination "Dr_troll won by resignation"]

1. e4 c5 2. c3 Nf6 3. e5 Nd5 4. Nf3 d6 5. exd6 Qxd6 6. Bb5+ Nc6 7. O-O e6 8. d4 cxd4 9. Nxd4 Bd7 10. Bxc6 Bxc6 11.
Na3 Be7 12. Nc4 Qc7 13. Re1 O-O 14. Ne5 Bd6 15. Nexc6 bxc6 16. h3 Rab8 17. Qe2 Rfd8 18. Bg5 Re8 19. c4 Nf4 20. Bxf4 Bxf4 21. Rad1 Bg5 22.
b3 Bf6 23. Nf3 Red8 24. Rxd8+ Rxd8 25. Rd1 h6 26. g3 c5 27. Kg2 Rd6 28. Rxd6 Qxd6 29.
Qe4 g6 30. h4 Kg7 31. Qb7 Qb6 32. Qa8 Qa5 33. a4 Qb6 34. Nd2 Bc3 35. Ne4 Bd4 36. Qe8 Be5 37. Qb5 Qxb5 38. cxb5 Bd4 39. a5 Kf8 40. b6 a6 41. b7 Be5 42. Nxc5 Ke7 43. Nxa6 Kd7 44. b8=Q Bxb8 45. Nxb8+ Kc7 46. Na6+ Kc6 47.
Nb4+ Kb5 48. a6 Ka5 49. a7 1-0

[Event "Late-Titled-Tuesday-Blitz-May-07-2024"]
[Site "Chess.com"]
[Date "2024.05.07"]
[Round "3"]
[White "The_Machine04"]
[Black "mishanick"]
[Result "0-1"]
[WhiteElo "2779"]
[BlackElo "3048"]
[TimeControl "180+1"]
[EndTime "14:27:52 PDT"]
[Termination "mishanick won by checkmate"]

1. d4 Nf6 2. Nf3 d5 3. Nbd2 Bf5 4. e3 c6 5. Ne5 h5 6. Bd3 e6 7. Bxf5 exf5 8. c4 Nbd7 9. cxd5 cxd5 10. Qb3 Qb6 11. Nxd7 Kxd7 12. Qxb6 axb6 13. Nf3 Bd6 14. Bd2 Ne4 15. Ke2 g5 16. h4 g4 17.
Ne1 f4 18. exf4 Nxd2 19. Kxd2 Bxf4+ 20. Kd1 Rhe8 21. g3 Bh6 22. Nc2 Re4 23. Re1 f5 24. Rxe4 fxe4 25. Ne3 Ra4 26. Nc2 Rc4 27. b3 Rc3 28.
Nb4 Kd6 29. Ke2 Ke6 30. Rb1 Bg7 31. Rb2 Bxd4 32. Rd2 Ke5 33. Rd1 Rf3 34. Rf1 Bc5 35. Nc2 d4 36. Ne1 d3+ 37. Kd1 Rxf2 38. Rxf2 Bxf2 39. b4 Bxe1 40. Kxe1 e3 41. b5 Kd4 42.
a4 Kc3 43. a5 bxa5 44. b6 a4 45. Kf1 a3 46. Kg2 a2 47. Kh2 a1=Q 48. Kg2 d2 49.
Kh2 d1=Q 50. Kg2 Qd2# 0-1

[Event "Late-Titled-Tuesday-Blitz-May-07-2024"]
[Site "Chess.com"]
[Date "2024.05.07"]
[Round "3"]
[White "ozates"]
[Black "sergiochess83"]
[Result "0-1"]
[WhiteElo "2653"]
[BlackElo "2886"]
[TimeControl "180+1"]
[EndTime "14:27:52 PDT"]
[Termination "sergiochess83 won by resignation"]

1. e4 e6 2. d4 d5 3. e5 c5 4. c3 Nc6 5. Nf3 Bd7 6. Be2 Nge7 7. Na3 Ng6 8. Nc2 Be7 9. g3 O-O 10. h4 cxd4 11. cxd4 f6 12. h5 Nh8 13. h6 g6 14. Bf4 Nf7 15. exf6 Bxf6 16. Ne3 g5 17. Be5 Nfxe5 18. dxe5 Nxe5 19. Nxe5 Bxe5 20. Ng4 Bxb2 21. Rb1 Bc3+ 22. Kf1 Bc6 23. Qc1 Bf6 24. Rh5 Kh8 25. Bd3 e5 26. Bf5 e4 27. Nxf6 Qxf6 28. Qxg5 Qxg5 29. Rxg5 Rae8 30. g4 Rf6 31. Rh5 d4 32. Rd1 d3 33. Rh3 Re5 34. f3 Rfxf5 35. gxf5 e3 36. Rxd3 Bb5 37. f4 Bxd3+ 38. Ke1 Re4 39.
f6 Kg8 40. Rg3+ Kf7 41. Rg7+ Kxf6 42. Rxh7 Rxf4 0-1

[Event "Late-Titled-Tuesday-Blitz-May-07-2024"]
[Site "Chess.com"]
[Date "2024.05.07"]
[Round "3"]
[White "manitodeplomo"]
[Black "KorolDimitriy75"]
[Result "1-0"]
[WhiteElo "2606"]
[BlackElo "2392"]
[TimeControl "180+1"]
[EndTime "14:27:53 PDT"]
[Termination "manitodeplomo won by checkmate"]

1. d4 Nf6 2. c4 c5 3. d5 b5 4. Qc2 bxc4 5. e4 d6 6. Bxc4 g6 7. Nc3 Bg7 8. Nf3 O-O 9. O-O Nbd7 10. h3 Nb6 11. Be2 e6 12. dxe6 Bxe6 13. Rd1 d5 14.
exd5 Nfxd5 15. Nxd5 Bxd5 16. Qxc5 Rc8 17. Qa5 Qe7 18. Be3 Bxb2 19. Rab1 Bc3 20. Qb5 Bxa2 21. Rbc1 Bg7 22. Bc5 Qc7 23. Ba3 Qf4 24. Bxf8 Rxc1 25.
Bxg7 Rxd1+ 26. Bxd1 Kxg7 27. Qb2+ Qf6 28. Qxa2 Qe7 29.
Bb3 h6 30. g4 Qe4 31. Kg2 Qe7 32.
Qa1+ Kh7 33. Qe5 Qb7 34. Qf6 a5 35. Bxf7 Qe4 36. Qxb6 a4 37. Qa7 Kh8 38. Qb8+ Kg7 39. Qe5+ Qxe5 40. Nxe5 Kf6 41. f4 g5 42. Kg3 a3 43. Ba2 gxf4+ 44. Kxf4 Kg7 45. h4 Kf6 46. h5 Kg7 47. Nc4 Kf6 48. Nxa3 Kg7 49. Nc4 Kf6 50. Bb3 Kg7 51. Bd1 Kf6 52. Bf3 Kg7 53.
Bh1 Kf6 54. Ne3 Kg7 55. Nf5+ Kh7 56. Ke5 Kh8 57. Nxh6 Kh7 58. Nf5 Kh8 59. g5 Kh7 60. Kf6 Kh8 61. g6 Kg8 62. Bd5+ Kh8 63. g7+ Kh7 64. g8=Q# 1-0

[Event "Late-Titled-Tuesday-Blitz-May-07-2024"]
[Site "Chess.com"]
[Date "2024.05.07"]
[Round "3"]
[White "Thjop"]
[Black "AsaHoffmann"]
[Result "1/2-1/2"]
[WhiteElo "2614"]
[BlackElo "2424"]
[TimeControl "180+1"]
[EndTime "14:27:54 PDT"]
[Termination "Game drawn by repetition"]

1. d4 Nf6 2. c4 c5 3. d5 e5 4. Nc3 d6 5. e4 Be7 6. Bd3 Nbd7 7. Be3 Nf8 8. h4 Ng4 9. Nf3 Nxe3 10. fxe3 h6 11. Bc2 Bd7 12. Ba4 a6 13. Bxd7+ Qxd7 14. Qa4 Qxa4 15. Nxa4 Nd7 16. Nc3 b6 17. Ke2 O-O 18. g4 Rab8 19. a4 Nf6 20. Rhg1 h5 21. g5 Ne8 22. Nd2 g6 23. Rgf1 f6 24. gxf6 Nxf6 25. b3 Ng4 26. Rxf8+ Rxf8 27. Nf3 Rb8 28. Rh1 Bf8 29. Nh2 Nf6 30. Nf3 Bh6 31. Rf1 Ng4 32. Ng5 Bxg5 33. hxg5 Rf8 34. Rxf8+ Kxf8 35. Kf3 Ke7 36. Na2 a5 37. Nc1 Kf7 38.
Nd3 Kg7 39. Ne1 Kf7 40. Nc2 Kg7 41. Na3 Kf7 42. Nb5 Ke7 43. Nc7 Kd7 44. Nb5 Nh2+ 45.
Kg2 Ng4 46. Kf3 Nh2+ 47. Kg2 Ng4 48. Kf3 1/2-1/2

[Event "Late-Titled-Tuesday-Blitz-May-07-2024"]
[Site "Chess.com"]
[Date "2024.05.07"]
[Round "3"]
[White "CombativeWombat"]
[Black "Pidzsy"]
[Result "0-1"]
[WhiteElo "2353"]
[BlackElo "2593"]
[TimeControl "180+1"]
[EndTime "14:27:54 PDT"]
[Termination "Pidzsy won by resignation"]

1. e4 g6 2. d4 Bg7 3. Nf3 d6 4.
Bc4 c6 5. Bb3 a5 6. a4 Bg4 7.
Bxf7+ Kxf7 8. Ng5+ Ke8 9. Qxg4 Qd7 10. Qxd7+ Nxd7 11. c3 Nf8 12. h4 Nf6 13. f3 h6 14. Nh3 e6 15. Bf4 Ke7 16. e5 dxe5 17. Bxe5 N8d7 18. Nf4 Kf7 19. h5 g5 20. Ng6 Rhe8 21. g4 Nxe5 22. Nxe5+ Kg8 23. Nd2 Nd5 24. Ndc4 b5 25. Nd6 Red8 26. Nb7 Rdb8 27. Nc5 Bxe5 28.
dxe5 Kf7 29. Kd2 Ke7 30. Rhe1 Rf8 31. Rf1 Rf4 32. axb5 cxb5 33. Nb7 a4 34. Nd6 Rb8 35. Rae1 b4 36. Re4 bxc3+ 37. bxc3 a3 38. Rxf4 Rb2+ 39.
Kd3 Nxf4+ 40. Kc4 a2 41. Ra1 Nd5 42. Kd4 Rd2+ 43. Kc5 Nxc3 44. Nb5 Rd5+ 45. Kc6 Rxb5 0-1

[Event "Late-Titled-Tuesday-Blitz-May-07-2024"]
[Site "Chess.com"]
[Date "2024.05.07"]
[Round "3"]
[White "Iball95"]
[Black "ATM622"]
[Result "1-0"]
[WhiteElo "2889"]
[BlackElo "2520"]
[TimeControl "180+1"]
[EndTime "14:27:55 PDT"]
[Termination "Iball95 won by checkmate"]

1. e4 c6 2. d4 d5 3. exd5 cxd5 4. c4 dxc4 5. Nc3 Nf6 6. Bxc4 e6 7. Nf3 Nc6 8. O-O Be7 9. Bg5 O-O 10. Re1 a6 11.
a4 Rb8 12. Bb3 b5 13. axb5 axb5 14. Qd3 b4 15. Ne2 h6 16. Bh4 Nd5 17. Bc2 f5 18. Bxe7 Ncxe7 19. Ne5 Qb6 20. Bb3 Nc6 21. Bxd5 exd5 22. Rac1 Rf6 23. Qf3 Ne7 24. h4 Be6 25.
Rc5 b3 26. Nf4 Qb4 27. Qe3 Re8 28. Ned3 Qb6 29. Nxe6 Ng6 30. Rxd5 Rfxe6 31. Ne5 Qb4 32. Rd7 Nxh4 33. Rc1 f4 34. Qh3 g5 35. Rcc7 Qd2 36. Rg7+ Kh8 37. Rh7+ Kg8 38. Rcg7+ Kf8 39. Nd7# 1-0

[Event "Late-Titled-Tuesday-Blitz-May-07-2024"]
[Site "Chess.com"]
[Date "2024.05.07"]
[Round "3"]
[White "ahmedkandiliii"]
[Black "WPWPWP-2015"]
[Result "1-0"]
[WhiteElo "2647"]
[BlackElo "2440"]
[TimeControl "180+1"]
[EndTime "14:27:58 PDT"]
[Termination "ahmedkandiliii won by checkmate"]

1. c4 e5 2. Nc3 Nf6 3. g3 h5 4. Bg2 h4 5. gxh4 Rxh4 6. Nf3 Rh5 7. d4 exd4 8. Qxd4 Nc6 9. Qe3+ Qe7 10. Qxe7+ Bxe7 11.
Bf4 d6 12. O-O-O Be6 13. b3 O-O-O 14. Ng5 Nd7 15. Nxe6 fxe6 16. Bf3 Rf5 17. Bg3 Bg5+ 18. Kc2 Rf7 19. Ne4 Bf6 20. Bxd6 Nde5 21. Bxe5 Nxe5 22.
Rxd8+ Bxd8 23. Bg2 Bh4 24. f3 b6 25. Bh3 Kd7 26.
Rg1 Ke7 27. Ng5 Rf6 28. Nxe6 Ng6 29. Nxc7 Kf7 30. Nd5 Rd6 31. e4 Bf2 32. Rf1 Bd4 33.
f4 Rd8 34. e5 Rh8 35. Rf3 Bg1 36. e6+ Ke8 37. Bf5 Ne7 38. Nxe7 Kxe7 39. Rd3 Rxh2+ 40. Kc3 Re2 41. Rd7+ Ke8 42. Bg6+ Kf8 43. e7+ Rxe7 44. Rd8+ Re8 45. Rxe8# 1-0

[Event "Late-Titled-Tuesday-Blitz-May-07-2024"]
[Site "Chess.com"]
[Date "2024.05.07"]
[Round "3"]
[White "GMBenjaminBok"]
[Black "MarkusRagger"]
[Result "0-1"]
[WhiteElo "3034"]
[BlackElo "2800"]
[TimeControl "180+1"]
[EndTime "14:27:59 PDT"]
[Termination "MarkusRagger won by resignation"]

1. d4 Nf6 2. c4 g6 3. g3 c6 4. Nf3 d5 5. b3 Bg7 6. Bg2 O-O 7.
O-O Bf5 8. Bb2 Nbd7 9. e3 Re8 10. Qe2 a5 11. Nc3 Ne4 12. Rfc1 Nxc3 13. Bxc3 a4 14.
bxa4 Rxa4 15. cxd5 cxd5 16. Qb5 Qa8 17. Qxd5 Nf6 18.
Qb5 Rxa2 19. Ne5 Rxa1 20. Rxa1 Qc8 21. Be1 Be4 22. Bxe4 Nxe4 23. Rb1 Nd6 24. Qb3 h5 25. Nf3 Qf5 26. Kg2 Qe4 27. h3 g5 28. Qd1 g4 29. hxg4 hxg4 30. Rb6 Rc8 31. Bb4 Nf5 32. Rb5 gxf3+ 33. Qxf3 Nxe3+ 34. fxe3 Rc2+ 0-1

[Event "Late-Titled-Tuesday-Blitz-May-07-2024"]
[Site "Chess.com"]
[Date "2024.05.07"]
[Round "3"]
[White "FMOlexandrProhorov"]
[Black "JG-17"]
[Result "1/2-1/2"]
[WhiteElo "2309"]
[BlackElo "2569"]
[TimeControl "180+1"]
[EndTime "14:27:59 PDT"]
[Termination "Game drawn by repetition"]

1. e4 c5 2. c3 g6 3. d4 cxd4 4. cxd4 Bg7 5. Nc3 d6 6. Nf3 Nf6 7. h3 O-O 8. Be3 Nc6 9. Be2 a6 10. Rc1 b5 11. d5 Na5 12. b3 Bd7 13. O-O b4 14. Na4 Bxa4 15. bxa4 Nxe4 16. Bd4 Nc3 17. Qd2 Rc8 18. Bxg7 Kxg7 19. Bxa6 Rc5 20. Qd4+ Kg8 21.
Qxb4 Qc7 22. Qf4 Nxd5 23. Rxc5 Qxc5 24. Qh6 Nf6 25. Rc1 Qb6 26. Bb5 Nb7 27. Qd2 Nc5 28. Nd4 Nce4 29. Qb2 e5 30. Nc6 Nd5 31. a5 Qc7 32. a6 Qb6 33. a4 Nc7 34. Qe2 Nc5 35. Rd1 N7xa6 36. Rxd6 Qb7 37. Qxe5 Ra8 38. Ne7+ Kf8 39.
Qh8+ Kxe7 40. Qf6+ Kf8 41. Qh8+ Ke7 42. Qf6+ Kf8 43.
Qh8+ Ke7 1/2-1/2

[Event "Late-Titled-Tuesday-Blitz-May-07-2024"]
[Site "Chess.com"]
[Date "2024.05.07"]
[Round "3"]
[White "GrotBchess"]
[Black "GMG"]
[Result "0-1"]
[WhiteElo "2515"]
[BlackElo "2813"]
[TimeControl "180+1"]
[EndTime "14:28:01 PDT"]
[Termination "GMG won by resignation"]

1. e4 c5 2. Nf3 Nc6 3. d4 cxd4 4. Nxd4 Nf6 5. Nc3 e5 6. Ndb5 d6 7. Bg5 a6 8. Na3 Be6 9. Nc4 Rb8 10. Bxf6 Qxf6 11. Ne3 h5 12. Bc4 g6 13. Ncd5 Qd8 14. c3 b5 15. Bb3 Bh6 16. Qf3 O-O 17. h3 Kg7 18. g4 h4 19. Rg1 Bg5 20. Nf5+ Kh7 21.
Nfe3 a5 22. a3 b4 23. axb4 axb4 24. Ba4 bxc3 25. bxc3 Rc8 26. Kf1 Ne7 27. Nxe7 Qxe7 28. Nd5 Bxd5 29. exd5 e4 30. Qe2 Rxc3 31. Kg2 Qe5 32.
Bc6 e3 33. Rgf1 Rb8 34. Ra7 Kg8 35. Qf3 Rf8 36. Re1 exf2 37. Qxf2 Rg3+ 38. Kf1 Qc3 39. Re8 Rf3 40. Rxf8+ Kxf8 41. Ra2 Rxf2+ 42. Rxf2 Qxh3+ 0-1

[Event "Late-Titled-Tuesday-Blitz-May-07-2024"]
[Site "Chess.com"]
[Date "2024.05.07"]
[Round "3"]
[White "MeisterJabo"]
[Black "LUISMIGUELOV"]
[Result "0-1"]
[WhiteElo "2416"]
[BlackElo "2213"]
[TimeControl "180+1"]
[EndTime "14:28:01 PDT"]
[Termination "LUISMIGUELOV won by resignation"]

1. e4 d6 2. d4 c6 3. Nc3 g6 4. Be3 Nf6 5. Qd2 Ng4 6. Bf4 e5 7. dxe5 Nxe5 8. Bxe5 dxe5 9. Qxd8+ Kxd8 10. O-O-O+ Kc7 11. Bc4 f5 12. Nf3 Bg7 13. Rhe1 b5 14. Bf7 Rf8 15. Ng5 Bh6 16. h4 Rxf7 17. exf5 Bxf5 18. Rxe5 Nd7 19. Re2 b4 20. Na4 Nb6 21.
Nc5 Bxg5+ 22. hxg5 a5 23. f3 Nd7 24. Nb3 a4 25.
Nd4 Nb6 26. Rde1 Rd8 27. Nxf5 Rxf5 28. Re7+ Rd7 29. Rxd7+ Nxd7 30. Re7 Rxg5 31. g4 h5 32. Re4 hxg4 33. fxg4 c5 34. c3 a3 35. cxb4 axb2+ 36. Kxb2 Kc6 37. bxc5 Nxc5 38. Rc4 Kb5 39. Rf4 Nd3+ 40.
Kc3 Nxf4 41. Kd4 Rxg4 0-1

[Event "Late-Titled-Tuesday-Blitz-May-07-2024"]
[Site "Chess.com"]
[Date "2024.05.07"]
[Round "3"]
[White "schondeln"]
[Black "PNEPaul"]
[Result "1-0"]
[WhiteElo "2376"]
[BlackElo "1946"]
[TimeControl "180+1"]
[EndTime "14:28:02 PDT"]
[Termination "schondeln won by resignation"]

1. e4 e5 2. Nf3 Nc6 3. Nc3 Be7 4. d4 exd4 5. Nxd4 d6 6. Bb5 Bd7 7. O-O Nf6 8. Bxc6 bxc6 9. Re1 c5 10. Nf3 Bg4 11.
h3 Bh5 12. Qd3 O-O 13. e5 dxe5 14. Qxd8 Raxd8 15. Nxe5 Bd6 16. Bg5 Bxe5 17. Rxe5 Bg6 18. Rxc5 Bxc2 19. Rxc7 Rd7 20. Rxd7 Nxd7 21. Rc1 Bg6 22.
Nd5 f6 23. Be3 a6 24. Rc7 Rf7 25. b4 Bd3 26. a4 h6 27. Bd4 Ne5 28. Bxe5 fxe5 29.
Rxf7 Kxf7 30. Nc7 Ke7 31. b5 axb5 32. Nxb5 Kd7 33. f3 Kc6 34. Kf2 g5 35. Nc3 Kc5 36.
Ke3 Bf1 37. Ne4+ Kd5 38. Kf2 Ba6 39. g3 h5 40. Nf6+ Ke6 41. Nxh5 1-0

[Event "Late-Titled-Tuesday-Blitz-May-07-2024"]
[Site "Chess.com"]
[Date "2024.05.07"]
[Round "3"]
[White "ViIIagra"]
[Black "IndianSchoolOfSuffering"]
[Result "1-0"]
[WhiteElo "2845"]
[BlackElo "2402"]
[TimeControl "180+1"]
[EndTime "14:28:03 PDT"]
[Termination "ViIIagra won by resignation"]

1. g3 d5 2. Bg2 Nf6 3. d3 c6 4.
Nd2 g6 5. e4 Bg7 6. e5 Nfd7 7.
d4 f6 8. f4 O-O 9. Ne2 Nb6 10. O-O a5 11. a4 Na6 12. h3 Nb4 13. c3 Nd3 14. Nb3 Nxc1 15. Nbxc1 Nc4 16. Qb3 Nd2 17. Qd1 Nxf1 18. Bxf1 fxe5 19. fxe5 Bf5 20.
Qd2 Be4 21. Nd3 Bxd3 22. Qxd3 Bh6 23. Bg2 Qd7 24. b3 Qf5 25. Rd1 e6 26. h4 Qxd3 27.
Rxd3 Kf7 28. g4 Ke7 29. g5 Bg7 30. c4 h6 31. Rg3 h5 32. Rd3 Kd7 33. Bf3 Rf5 34. Kf2 Raf8 35. Kg3 Rb8 36. Nf4 Rxf4 37. Kxf4 Bf8 38. Ke3 Bb4 39. Rd1 Rf8 40. Be2 c5 41. cxd5 cxd4+ 42. Ke4 exd5+ 43. Kxd5 Rf4 44. Bd3 Rxh4 45.
Bxg6 Rg4 46. Bf5+ Ke7 47. Bxg4 hxg4 48. Rxd4 g3 49. Rg4 Be1 50. g6 1-0

[Event "Late-Titled-Tuesday-Blitz-May-07-2024"]
[Site "Chess.com"]
[Date "2024.05.07"]
[Round "3"]
[White "sofaceindisguise"]
[Black "yobdc"]
[Result "1-0"]
[WhiteElo "2725"]
[BlackElo "2503"]
[TimeControl "180+1"]
[EndTime "14:28:05 PDT"]
[Termination "sofaceindisguise won on time"]

1. e4 c5 2. Nf3 Nf6 3. e5 Nd5 4. Nc3 Nxc3 5. dxc3 Nc6 6. Bf4 Qb6 7. b3 Qc7 8. Qd2 e6 9. h4 h6 10. h5 a6 11.
O-O-O b5 12. Kb1 c4 13. Rh4 Ne7 14. Bh2 Nd5 15. bxc4 bxc4 16. Bxc4 Rb8+ 17. Ka1 Ba3 18. Rb1 Rxb1+ 19. Kxb1 Bb7 20. Rg4 a5 21. Bb3 Nxc3+ 22. Ka1 Ba6 23. Rxg7 a4 24. Qf4 Rf8 25. Nd4 axb3 26.
cxb3 Na4 27. Qe3 1-0

[Event "Late-Titled-Tuesday-Blitz-May-07-2024"]
[Site "Chess.com"]
[Date "2024.05.07"]
[Round "3"]
[White "Veleamater"]
[Black "JaackCamel"]
[Result "0-1"]
[WhiteElo "2424"]
[BlackElo "2215"]
[TimeControl "180+1"]
[EndTime "14:28:05 PDT"]
[Termination "JaackCamel won by resignation"]

1. g3 d5 2. Bg2 e5 3. d3 Nf6 4. Nf3 Bd6 5. O-O O-O 6. h3 h6 7.
Nc3 c6 8. e4 d4 9. Ne2 c5 10. Ne1 Nc6 11. f4 Qc7 12. Rf2 Ne8 13. f5 f6 14. g4 b6 15. Bf1 Bb7 16. Rg2 Rd8 17. h4 Kf7 18. Ng3 Ke7 19. g5 hxg5 20. hxg5 Kd7 21. Nh5 Kc8 22. Bd2 Rh8 23. a3 Qf7 24. Be2 Be7 25. gxf6 Bxf6 26. b4 c4 27. dxc4 d3 28. cxd3 Nd4 29. Ng3 Nd6 30. Bh5 Qe7 31. Bg6 Kb8 32. Nf3 Nxf3+ 33. Qxf3 Nf7 34. Nh5 Nd6 35.
Nxf6 gxf6 36. c5 Nb5 37. cxb6 axb6 38. a4 Nd4 39. Qf2 Rc8 40. a5 Rc2 41. Rd1 bxa5 42. bxa5 Rhc8 43. Kf1 Ba6 44. Rg3 Qa3 45. Qe3 Qb2 46. Ke1 Ka8 47. Bf7 Rxd2 48. Qxd2 Rc2 49. Bd5+ Ka7 50. Rg7+ Kb8 51. Qh6 Re2+ 52. Kf1 Rf2+ 53.
Kg1 Nf3+ 54. Kh1 Rh2+ 0-1

[Event "Late-Titled-Tuesday-Blitz-May-07-2024"]
[Site "Chess.com"]
[Date "2024.05.07"]
[Round "3"]
[White "jk13"]
[Black "Albertu"]
[Result "0-1"]
[WhiteElo "2621"]
[BlackElo "2553"]
[TimeControl "180+1"]
[EndTime "14:28:06 PDT"]
[Termination "Albertu won by resignation"]

1. e4 c5 2. Nf3 d6 3. c3 Nf6 4.
Be2 Nbd7 5. d3 g6 6. O-O Bg7 7. Nbd2 O-O 8. Re1 Rb8 9. a4 b6 10. d4 Bb7 11. Bd3 e5 12. dxe5 Nxe5 13. Nxe5 dxe5 14. Nc4 Qc7 15. Bg5 Nh5 16. Ne3 h6 17. Bh4 Nf4 18. Bc4 Bxe4 19. Ng4 Bxg2 20. Bg3 Rbd8 21.
Qc2 Qc6 22. Bxf4 exf4 23. Nxh6+ Bxh6 24. Re6 Rd6 25. Rxd6 Qxd6 26. Kxg2 f3+ 27. Kh1 Kg7 28. Rd1 Qf4 29. Bf1 Bg5 30. Rd3 Rh8 31. h3 Bf6 32. Qd1 Be5 0-1

[Event "Late-Titled-Tuesday-Blitz-May-07-2024"]
[Site "Chess.com"]
[Date "2024.05.07"]
[Round "3"]
[White "kalxandria"]
[Black "TheoSlade"]
[Result "0-1"]
[WhiteElo "2238"]
[BlackElo "2463"]
[TimeControl "180+1"]
[EndTime "14:28:07 PDT"]
[Termination "TheoSlade won by resignation"]

1. e4 e5 2. Nf3 Nc6 3. Bc4 Bc5 4. c3 Nf6 5. d3 d6 6. Nbd2 O-O 7. a4 a5 8. O-O Bb6 9. Bb3 Ne7 10. Nc4 Ba7 11.
Be3 Bxe3 12. fxe3 Be6 13. Ra3 c6 14. Ncd2 Bxb3 15. Rxb3 Qc7 16. Qe1 d5 17. Qg3 Ng6 18. d4 Nxe4 19. Nxe4 dxe4 20. Nxe5 Nxe5 21. dxe5 Rae8 22.
Rf5 Re6 23. Rg5 Rg6 24. Rxg6 hxg6 25. Qf4 Qd7 26. Qf1 Re8 27. h3 Rxe5 28. Qf4 f6 29. Ra3 Qd2 30. Qf2 Rd5 31. Qxd2 Rxd2 32. Rb3 Rd7 33.
Kf2 Kf7 34. Kg3 g5 35. h4 gxh4+ 36. Kxh4 g5+ 37. Kg4 Kg6 38. Rb6 f5+ 39. Kg3 Kf6 40. b4 axb4 41. cxb4 Ke5 42. a5 f4+ 43. exf4+ gxf4+ 44.
Kf2 e3+ 45. Ke1 Ke4 46. a6 bxa6 47. Rxc6 Rd4 48. Rxa6 Rxb4 49. Ra3 Rb1+ 50. Ke2 Rb2+ 51. Kf1 Rf2+ 52. Kg1 Rd2 53. Kf1 Rd1+ 54. Ke2 Rg1 55. Ra4+ Kf5 56. Kf3 Rf1+ 57. Ke2 Rf2+ 58. Ke1 Rxg2 0-1

[Event "Late-Titled-Tuesday-Blitz-May-07-2024"]
[Site "Chess.com"]
[Date "2024.05.07"]
[Round "3"]
[White "Smiechu"]
[Black "deathadder96"]
[Result "0-1"]
[WhiteElo "2439"]
[BlackElo "2855"]
[TimeControl "180+1"]
[EndTime "14:28:08 PDT"]
[Termination "deathadder96 won on time"]

1. e4 c5 2. Nf3 d6 3. d4 cxd4 4.
Nxd4 Nf6 5. Nc3 a6 6. Be3 e5 7.
Nb3 Be6 8. Qd2 Nbd7 9. O-O-O Be7 10. f4 Rc8 11. f5 Bc4 12. g4 h6 13. Rg1 b5 14. h4 b4 15. Nd5 Nxd5 16. exd5 a5 17. Bxc4 Rxc4 18. Qe2 Qc7 19. Nxa5 Re4 20. Nc6 Bxh4 21. Kb1 Bg5 22. Rg3 Bf4 23. Rf3 Nf6 24.
Qd3 O-O 25. Bxf4 exf4 26. Rdf1 Rfe8 27. Qd1 Nxd5 28. Nd4 Ne3 29. Rxe3 fxe3 30. Ne2 Rxg4 31. f6 g6 32. Rh1 h5 33. Qe1 d5 34. Nc1 Qe5 35. Nd3 Qxf6 36. Rf1 Qe7 37. Qe2 Qe4 38. Ne1 Rf4 39. Rg1 Qf5 40. Nd3 Rf3 41. Re1 Re4 42.
Nc5 Rc4 0-1

[Event "Late-Titled-Tuesday-Blitz-May-07-2024"]
[Site "Chess.com"]
[Date "2024.05.07"]
[Round "3"]
[White "LuisFSiles"]
[Black "Navyblue1"]
[Result "1-0"]
[WhiteElo "2480"]
[BlackElo "2227"]
[TimeControl "180+1"]
[EndTime "14:28:08 PDT"]
[Termination "LuisFSiles won by resignation"]

1. e4 c5 2. Nf3 d6 3. Bb5+ Nd7 4. Ba4 a6 5. c4 g6 6. O-O Bg7 7. Nc3 Nf6 8. d3 O-O 9. Ne1 Ne5 10. h3 Nc6 11.
Bxc6 bxc6 12. f4 e6 13. Nf3 d5 14. Qe1 a5 15. Qh4 Ba6 16. e5 Nd7 17. Qxd8 Rfxd8 18. cxd5 cxd5 19. Rd1 Nb6 20. d4 Bf8 21. b3 cxd4 22. Nxd4 Rdc8 23. Ncb5 Bc5 24. Kh2 Nd7 25. a4 Rab8 26. Bd2 Bxd4 27. Nxd4 Nc5 28. Bxa5 Nxb3 29. Rab1 Nxd4 30. Rxb8 Rxb8 31. Rxd4 Bc4 32.
Bd2 Rb2 33. a5 Rxd2 34. Rxd2 Kg7 35. Kg3 f6 36. Rc2 Ba6 37. Rc6 Bd3 38. a6 Bxa6 39.
Rxa6 fxe5 40. fxe5 1-0

[Event "Late-Titled-Tuesday-Blitz-May-07-2024"]
[Site "Chess.com"]
[Date "2024.05.07"]
[Round "3"]
[White "FairChess_on_YouTube"]
[Black "Mischuk_D"]
[Result "1-0"]
[WhiteElo "3082"]
[BlackElo "2811"]
[TimeControl "180+1"]
[EndTime "14:28:09 PDT"]
[Termination "FairChess_on_YouTube won by resignation"]

1. d4 d5 2. c4 e6 3. Nc3 c6 4.
Qb3 dxc4 5. Qxc4 b5 6. Qd3 a6 7. Bf4 Nf6 8. e4 Bb7 9. O-O-O Nbd7 10. Nf3 b4 11. Na4 c5 12. d5 exd5 13. exd5 Bxd5 14. Ng5 Be7 15. Qf5 h6 16. Rxd5 hxg5 17. Qxg5 Rh5 18.
Qxh5 Nxh5 19. Rxh5 Nf8 20. Be2 g6 21. Re5 Ne6 22. Be3 Bf6 23. Re4 Bg5 24. f4 Be7 25. Rd1 Qc7 26. g4 Kf8 27. f5 Nd4 28. Bc4 Qxh2 29.
Bxd4 cxd4 30. fxg6 Rc8 31. Nb6 Bg5+ 32. Kb1 Rc6 33. Nd7+ Kg7 34. gxf7 Rc8 35. Re8 d3 36. f8=Q+ 1-0

[Event "Late-Titled-Tuesday-Blitz-May-07-2024"]
[Site "Chess.com"]
[Date "2024.05.07"]
[Round "3"]
[White "yuriydovzik"]
[Black "WilsonPalencia21"]
[Result "0-1"]
[WhiteElo "2146"]
[BlackElo "2548"]
[TimeControl "180+1"]
[EndTime "14:28:09 PDT"]
[Termination "WilsonPalencia21 won on time"]

1. b3 c5 2. Bb2 d5 3. e3 Nc6 4. f4 Nf6 5. Nf3 g6 6. Bb5 Bg7 7. O-O O-O 8. Bxc6 bxc6 9. d3 Re8 10. Ne5 Qc7 11. Nd2 Ng4 12. Qf3 Nxe5 13. Bxe5 Bxe5 14. fxe5 Be6 15. Qg3 Qa5 16. Nf3 f6 17. Rf2 Rf8 18. a4 Qc3 19. Raf1 Rf7 20. exf6 exf6 21. Qd6 Bd7 22.
Ne5 Qxe5 23. Qxe5 fxe5 24. Rxf7 Bf5 25. Rc7 c4 26. bxc4 dxc4 27. Rxc6 cxd3 28. cxd3 Bxd3 29. Rfc1 Bf5 30. Rc7 a6 31. Re7 Rd8 32. Rxe5 Rd2 33. Rc7 Kf8 34. Ra7 Bd7 0-1

[Event "Late-Titled-Tuesday-Blitz-May-07-2024"]
[Site "Chess.com"]
[Date "2024.05.07"]
[Round "3"]
[White "penguingm1"]
[Black "Goryachkina"]
[Result "1-0"]
[WhiteElo "2899"]
[BlackElo "2701"]
[TimeControl "180+1"]
[EndTime "14:28:10 PDT"]
[Termination "penguingm1 won on time"]

1. d4 Nf6 2. c4 e6 3. Nc3 Bb4 4. Qc2 d5 5. cxd5 exd5 6. Bg5 O-O 7. e3 h6 8. Bh4 c5 9. dxc5 Nbd7 10. Bd3 Nxc5 11. Ne2 Be6 12. O-O Nxd3 13. Qxd3 Rc8 14. Rfd1 Be7 15. Nf4 Qb6 16. Rab1 d4 17. Qxd4 Qxd4 18.
Rxd4 Bf5 19. e4 Nxe4 20. Bxe7 Nxc3 21. Re1 Nb5 22. Rd5 Rfe8 23. Rxf5 Nd6 24. Rfe5 Nc4 25.
R5e2 Nb6 26. g3 g5 27. Nh5 1-0

[Event "Late-Titled-Tuesday-Blitz-May-07-2024"]
[Site "Chess.com"]
[Date "2024.05.07"]
[Round "3"]
[White "AniJak"]
[Black "ElCoachRene"]
[Result "1-0"]
[WhiteElo "2378"]
[BlackElo "1976"]
[TimeControl "180+1"]
[EndTime "14:28:10 PDT"]
[Termination "AniJak won on time"]

1. e4 Nc6 2. f4 d5 3. e5 f6 4. d4 Nh6 5. c3 Bg4 6. Be2 Qd7 7. Be3 Bxe2 8. Nxe2 Qg4 9. O-O Nf5 10.
Bf2 h5 11. Na3 a6 12. Nc2 fxe5 13. dxe5 e6 14. Ned4 Kf7 15. Nxf5 Qxf5 16. Ne3 Qe4 17. f5 Bc5 18. fxe6+ Kxe6 19. Nc2 Bxf2+ 20. Rxf2 Raf8 21. Qd2 Nxe5 22. Rxf8 Rxf8 23. Re1 Qf4 24. Nd4+ Kd6 25. Qxf4 Rxf4 26. h3 Re4 27. Rxe4 dxe4 28. Nf5+ Kd5 29. Nxg7 Nc4 30. Nxh5 Nxb2 31. Nf4+ Kc4 32. Ne2 Kd3 33.
Kf1 Na4 34. h4 Nxc3 35. Nxc3 Kxc3 36. Ke2 1-0